 Dungeon Crawl Stone Soup version 0.30.1-3-gfc49f6343a (webtiles) character file.

Game seed: 15592186804127408620

96 DemonSlayer the Digger (level 4, -3/30 HPs)
             Began as a Demonspawn Earth Elementalist on July 21, 2023.
             Slain by a gnoll
             ... wielding a +0 flail
              (7 damage)
             ... on level 2 of the Dungeon.
             The game lasted 00:02:54 (1634 turns).

DemonSlayer the Digger (DsEE)                       Turns: 1634, Time: 00:02:54

Health: -3/30      AC:  4    Str:  9    XL:     4   Next: 41%
Magic:  0/8        EV: 13    Int: 16    God:
Gold:   119        SH:  0    Dex: 15    Spells: 8/9 levels left

rFire   + . .        f - +2 short sword (speed)
rCold   . . .        (no shield)
rNeg    . . .        a - +0 robe
rPois   .            (no helmet)
rElec   .            (no cloak)
rCorr   .            (no gloves)
SInv    .            (no boots)
Will    .....        (no amulet)
Stlth   ++           i - ring of protection from fire
HPRegen 0.25/turn    (no ring)
MPRegen 0.11/turn

%: no passive effects
@: no status effects
A: slimy green scales 1, ignite blood 1
a: no special abilities


You were on level 2 of the Dungeon.
You visited 1 branch of the dungeon, and saw 2 of its levels.

You collected 119 gold pieces.

Inventory:

Hand Weapons
 f - a +2 short sword of speed (weapon)
 j - a +0 dagger of venom
Missiles
 c - 4 silver javelins
Armour
 a - a +0 robe (worn)
Jewellery
 i - a ring of protection from fire (left hand)
Scrolls
 h - 2 scrolls of identify {unknown}
 k - a scroll of fear {unknown}
 l - a scroll of amnesia {unknown}
Potions
 b - a potion of resistance {unknown}
 d - 2 potions of heal wounds {unknown}
 e - 3 potions of mutation {unknown}
 g - a potion of haste {unknown}


   Skills:
 + Level 0.2 Fighting
 + Level 2.7 Dodging
 + Level 1.8 Stealth
 + Level 3.0 Spellcasting
 + Level 0.8 Transmutations
 + Level 3.4 Earth Magic


You had 8 spell levels left.
You knew the following spells:

 Your Spells              Type           Power      Damage    Failure   Level
a - Sandblast             Erth           26%        2d8       4%          1

Your spell library contained the following spells:

 Spells                   Type           Power      Damage    Failure   Level
 Passwall                 Tmut/Erth      7%         N/A       12%         2
 Stone Arrow              Conj/Erth      16%        3d8       26%         3
 Petrify                  Tmut/Erth      9%         N/A       58%         4


Dungeon Overview and Level Annotations

Branches:
Dungeon (2/15)

Altars:


Innate Abilities, Weirdness & Mutations

You are partially covered in slimy green scales. (AC +2)
Your demonic aura sometimes causes spilled blood to erupt in flames.


Message History

The blast of sand misses the gnoll.
The blast of sand hits the gnoll!
You kill the gnoll!
The gnoll hits you with a +0 whip. x2
The blast of sand hits the gnoll.
You kill the gnoll!
A hobgoblin comes into view.
The blast of sand hits the giant cockroach but does no damage.
The giant cockroach bites you but does no damage.
The giant cockroach bites you.
The blast of sand hits the giant cockroach but does no damage.
The giant cockroach bites you.
The giant cockroach bites you but does no damage.
The blast of sand hits the giant cockroach!
You kill the giant cockroach!
The gnoll hits you with a +0 flail.
You are too injured to fight recklessly!
You are too injured to fight recklessly!
You are too injured to fight recklessly!
You are too injured to fight recklessly!
Casting: Sandblast (safe; 4% risk of failure)
Confirm with . or Enter, or press ? or * to list all spells.
Aiming: Sandblast (safe; 4% risk of failure)
Press: ? - help, Shift-Dir - straight line, f - gnoll
Aim: a gnoll, wielding a +0 flail (84% to hit)
The blast of sand hits the gnoll!
The gnoll is heavily wounded.
The gnoll barely misses you.
Unknown command.
Unknown command.
Casting: Sandblast (safe; 4% risk of failure)
Confirm with . or Enter, or press ? or * to list all spells.
Aiming: Sandblast (safe; 4% risk of failure)
Press: ? - help, Shift-Dir - straight line, f/p - gnoll
Aim: a gnoll, wielding a +0 flail (heavily wounded, 84% to hit)
The blast of sand misses the gnoll.
The blast of sand hits the hobgoblin!
You kill the hobgoblin!
The gnoll hits you with a +0 flail!
* * * LOW HITPOINT WARNING * * *
The gnoll hits you with a +0 flail!
You die...

# ## ##. .#
...
.########## #
...
...#.......
#.#.#
##.#.......
.#)##
##.#.......
.†.
...........
#g#
##.#.......
#@#
...#.......
####.####
.#.#.......
#.......#
#.#########
#.##.##.# #.#
#.##.##.# #.#
#.#..##.#
#.####
#.#.###.#
.....#
#.#.###.#
#.##.#
#####.......#


You could see a gnoll.

Vanquished Creatures
  3 gnolls
  3 adders (D:2)
  A worm (D:2)
  A dart slug (D:2)
  2 endoplasms
  2 giant cockroaches (D:2)
  5 hobgoblins
  7 jackals
  2 ball pythons
  3 bats (D:1)
  A frilled lizard (D:2)
  5 kobolds
  2 rats
37 creatures vanquished.

Notes
Turn   | Place    | Note
-------+----------+-------------------------------------------
     0 | D:1      | DemonSlayer the Demonspawn Earth Elementalist began the
                  | quest for the Orb.
     0 | D:1      | Reached XP level 1. HP: 13/13 MP: 3/3
   293 | D:1      | Gained mutation: Your demonic aura sometimes causes spilled
                  | blood to erupt in flames. [demonic ancestry]
   293 | D:1      | Reached XP level 2. HP: 19/19 MP: 0/5
  1083 | D:2      | Gained mutation: You are partially covered in slimy green
                  | scales. (AC +2) [demonic ancestry]
  1083 | D:2      | Reached XP level 3. HP: 24/24 MP: 3/6
  1354 | D:2      | Reached XP level 4. HP: 30/30 MP: 4/8
  1634 | D:2      | Slain by a gnoll

Illustrated notes

Levels and vault maps discovered:
D:1:      lightli_molten_gateway, layout_basic
D:2:      layout_loops_cross, shapermc_ecumenical_altar_gd,
          minmay_misc_feat_doors

Skill      XL: |  1  2  3  4 |
---------------+-------------+-----
Dodging        | 2 |  2.7
Earth Magic    | 3 |  3.4
Spellcasting   | 3 |  3.0
Fighting       | |  0.2
Stealth        | |  1.8
Transmutations | |  0.8

Action                     |  1- 3 |  4- 6 || total
---------------------------+-------+-------++-------
  Melee: Short sword       |     9 |       ||     9
   Cast: Sandblast         |    46 |    15 ||    61
    Use: Potion            |     1 |       ||     1
 Armour: Robe              |     8 |     2 ||    10
  Dodge: Dodged            |    24 |     2 ||    26
